nyob, chaotic male orcish Rogue ---- ---- ---- ---- ------ |..-- --..| |..| --..-------....-- |...| |...| ---..-- |...(......)....| ---.|----- ------ |..-- --.....| |...------......| |.||...--- --.|..-----.-- |......| ---.| --..|.-- |.--.....| |.......|%..----- |-...--- |(| ---|.| |........-- - --.............*| |...-- |)| |.| ------.........| ..----.......-----.---|-..| |.| |.| |.#...........-- -..I|---.....| |...||..-| |.| ---|.--- -----............-- --.^I----.....-- ---.--...| |)|--- |..|...-- |..|---...|.......| --...I.--..>....| -......-- |)|..----..---..-- |..-- ---.|...#-.-- |...............| |........| --[|.........||...--|...----|.|.--.|-- |...............| ......[.| --..--.*...|..|--...||......-|...|..| --........|.--..-- .......-----.........----- |..[||.......|.----.| |...II...-------- |...[.)(.<...[......-- --..|--........--..-- |........-- ---......----....---...| --.-------.*......--- |.........| |........| --.--- ----- |..%.%.......|......--- ----..--.-- |.)....--- --- |..-------------......| ------- --.----- ---- --.----- --- --- nyob the Rogue Experience level: 8 Strength: 18/01 Dexterity: 17 Constitution: 14 Intelligence: 8 Wisdom: 10 Charisma: 9 Health: 0(53) Energy: 29(29) Def: 8 Gold: 181 Moves: 4654 Dungeon seed: d5cL5_aef4mg_woI Game ID: nyob_1520629592 Your Inventory: Coins $ - 181 gold pieces Weapons a - a +0 orcish short sword b - 10 +0 orcish daggers (wielded) o - a +0 crossbow p - 20 +0 crossbow bolts s - 7 +1 crossbow bolts v - a blessed corroded +1 dagger x - a +0 dagger (in quiver) Armor n - a cursed +0 elven leather helm (being worn) r - an uncursed +0 dwarvish cloak (being worn) y - an uncursed +0 pair of iron shoes (being worn) W - an uncursed +0 elven mithril-coat (being worn) Comestibles h - an uncursed food ration l - an uncursed slime mold R - an uncursed tripe ration S - an uncursed slime mold U - an uncursed pancake Scrolls D - an uncursed scroll of blank paper E - an uncursed scroll of taming F - a cursed scroll of food detection Spellbooks e - an uncursed spellbook of remove curse Potions c - an uncursed potion of sickness Rings j - an uncursed ring of protection from shape changers C - an uncursed ring of conflict Wands w - a wand of create monster (0:0) H - a wand of speed monster (0:1) Tools d - an uncursed lock pick f - an uncursed sack g - an uncursed blindfold q - an uncursed skeleton key u - a +0 pick-axe B - 3 uncursed wax candles (0:400) L - an uncursed mirror X - an uncursed brass lantern (lit) (0:750) Gems z - 2 uncursed worthless pieces of black glass A - 2 uncursed fluorite stones G - an uncursed worthless piece of orange glass I - 3 uncursed worthless pieces of blue glass J - 2 uncursed worthless pieces of yellow glass N - 3 uncursed worthless pieces of violet glass Y - 3 uncursed worthless pieces of white glass Contents of the sack: 365 gold pieces Spells and supernatural/magical abilities: Name Level Category Fail Memory m - magic missile 2 attack 100% 73% r - remove curse 3 clerical 100% 80% W - pray for help -- divine ? -- Your skills at the end: Fighting Skills Weapon Skills dagger [Skilled] short sword [Basic] Spellcasting Skills Final Attributes: You were piously aligned. You were poison resistant. You were blinded. You had infravision. You were stealthy. You were fast. You are dead. Vanquished creatures: a large mimic a dwarf king an elf mummy a wraith a cockatrice 2 wolves a leprechaun 4 giant spiders 3 gnome kings a dwarf mummy an owlbear 2 dingos a snake a soldier ant a rock piercer a fog cloud 2 yellow lights 5 gnome lords 3 gnomish wizards a kobold mummy a black naga hatchling a gray ooze a paper golem 3 giant ants a floating eye 8 dwarves a kobold shaman a rothe a giant bat 5 monkeys a wererat 3 iguanas an acid blob a gas spore 5 hobbits a giant rat a brown mold a yellow mold 40 gnomes 3 garter snakes 4 geckos 3 jackals a fox a kobold 3 sewer rats 3 grid bugs 4 lichens 2 kobold zombies 9 newts 144 creatures vanquished. Voluntary challenges: You were an atheist. You used a wielded weapon 73 times, starting on turn 12. You read items or engraved 16 times, starting on turn 2193. You never genocided any monsters. You never polymorphed an object. You never changed form. You used no wishes. You never split a pudding. You never wrote Elbereth's name. You violated your moral code, losing 3 points of alignment, starting on turn 4147. Dungeon overview: The Dungeons of Doom: levels 1 to 3 Level 1 a fountain a long staircase Level 2 a scroll shop, a fountain Level 3 stairs to The Gnomish Mines The Gnomish Mines: levels 4 to 8 Level 4 stairs to The Dungeons of Doom Level 5 Level 6 many shops, a temple to Mog, some fountains, a sink Level 7 Level 8 <- You were here History has recorded: On T:1 you entered the Dungeons of Doom to retrieve the Amulet of Yendor! On T:284 you reached level 2 of The Dungeons of Doom. On T:989 you advanced to experience level 2. On T:1177 you reached level 3 of The Dungeons of Doom. On T:1538 you reached level 1 of The Gnomish Mines. On T:1558 you advanced to experience level 3. On T:1584 you advanced to experience level 4. On T:1659 you advanced to experience level 5. On T:2057 you reached level 2 of The Gnomish Mines. On T:2403 you advanced to experience level 6. On T:3045 you reached level 3 of The Gnomish Mines. On T:3184 you advanced to experience level 7. On T:3607 you reached level 4 of The Gnomish Mines. On T:4277 you reached level 5 of The Gnomish Mines. On T:4368 you advanced to experience level 8. Score breakdown: Gold: 546 ( 9313 points) Experience: 8 levels (14739 points) Exploration: 8 levels ( 16.33%) (11456 points) Discoveries: 16 items ( 5.57%) ( 7083 points) Valuables value: (no points given unless you survive) Artifact value: 0 ( 0 points) Variety of kills: 49 monsters ( 12.86%) (10758 points) Turncount: 4654 turns (-1248 points) Survival: died (score multiplied by 80%) Total score: 41680 Latest messages: You throw 3 daggers. The 1st dagger hits it. You kill it! You throw 3 daggers. The 1st dagger misses. The 2nd dagger hits it. The 3rd dagger hits it. It bites! It misses. You throw 2 daggers. The 1st dagger hits it. You kill it! It bites! It misses. It bites! You die... Final status: Goodbye nyob the Rogue, killed by a soldier ant... You died in The Gnomish Mines on dungeon level 8 with 41680 points, and 546 pieces of gold, after 4654 moves. You were level 8 with a maximum of 53 hit points when you died.